 Dungeon Crawl Stone Soup version 0.31.0-32-g396128a36d (webtiles) character file.

Game seed: 3224252833902532467

90 PaiMei the Gusty (level 4, -9/25 HPs)
             Began as a Tengu Air Elementalist on Mar 14, 2024.
             Killed from afar by Ijyb (10 damage)
             ... with a puff of flame
             ... on level 3 of the Dungeon.
             The game lasted 00:02:59 (3153 turns).

PaiMei the Gusty (Tengu Air Elementalist)           Turns: 3153, Time: 00:02:59

Health: -9/25      AC:  2    Str:  8    XL:     4   Next: 56%
Magic:  1/9        EV: 13    Int: 17    God:
Gold:   112        SH:  0    Dex: 15    Spells: 7/8 levels left

rFire   . . .        e - +0 short sword
rCold   . . .        (no shield)
rNeg    . . .        a - +0 robe
rPois   .            (helmet restricted)
rElec   .            (no cloak)
rCorr   .            (no gloves)
SInv    .            (boots unavailable)
Will    .....        (no amulet)
Stlth   ++           m - +4 ring of slaying
HPRegen 0.24/turn    (no ring)
MPRegen 0.11/turn

%: acrobat
@: no status effects
A: beak, talons 3, acrobatic
a: no special abilities


You were on level 3 of the Dungeon.
You visited 1 branch of the dungeon, and saw 3 of its levels.

You collected 112 gold pieces.

Inventory:

Hand Weapons
 e - a +0 short sword (weapon)
Missiles
 i - 3 poisoned darts (quivered)
Armour
 a - a +0 robe (worn)
 h - an orb of mayhem
Jewellery
 l - a ring of ice
 m - a +4 ring of slaying (left hand)
Scrolls
 d - a scroll of enchant weapon {unknown}
 f - 3 scrolls of amnesia {unknown}
 g - 3 scrolls of enchant armour {unknown}
 k - a scroll of immolation {unknown}
Potions
 b - a potion of magic
 c - 2 potions of curing {unknown}
 j - a potion of lignification {unknown}


   Skills:
 + Level 1.5 Fighting
 + Level 3.1 Dodging
 - Level 2.1 Stealth
 + Level 2.6 Spellcasting
 - Level 1.7 Conjurations
 + Level 4.8 Air Magic


You had 7 spell levels left.
You knew the following spells:

 Your Spells              Type           Power      Damage    Failure   Level
a - Shock                 Conj/Air       52%        1d6       4%          1

Your spell library contained the following spells:

 Spells                   Type           Power      Damage    Failure   Level
 Static Discharge         Conj/Air       26%        3-5/arc   7%          2
 Swiftness                Air            18%        N/A       8%          3
 Airstrike                Air            9%         2d(2-18)  24%         4


Dungeon Overview and Level Annotations

Branches:
Dungeon (3/15)

Altars:
Xom

Annotations:
D:3 Ijyb


Innate Abilities, Weirdness & Mutations

You have a beak for a mouth.
You have claws for feet.
You can magically evade attacks while moving or waiting.


Message History

Press: ? - help, Shift-Dir - straight line, f - Ijyb
Aim: Ijyb, wielding a +0 club, wearing a +0 scale mail of fire resistance and carrying a wand of flame (lightly wounded, 64% to hit)
The zap hits Ijyb.
Ijyb is moderately wounded.
Casting: Shock (safe; 4% risk of failure)
Confirm with . or Enter, or press ? or * to list all spells.
Aiming: Shock (safe; 4% risk of failure)
Press: ? - help, Shift-Dir - straight line, f/p - Ijyb
Aim: Ijyb, wielding a +0 club, wearing a +0 scale mail of fire resistance and carrying a wand of flame (moderately wounded, 64% to hit)
The zap hits Ijyb.
Ijyb is moderately wounded.
You hit Ijyb but do no damage. Your peck misses Ijyb.
Ijyb is moderately wounded.
Ijyb misses you.
You hit Ijyb. Your kick misses Ijyb. You peck Ijyb, but do no damage.
Ijyb is heavily wounded.
Ijyb closely misses you.
You hit Ijyb but do no damage. You claw Ijyb, but do no damage.
Your peck misses Ijyb.
Ijyb is heavily wounded.
Ijyb zaps a wand.
The puff of flame misses you.
You hit Ijyb.
Ijyb is heavily wounded.
Ijyb misses you.
You hit Ijyb. You claw Ijyb.
Ijyb is severely wounded.
Ijyb zaps a wand.
The puff of flame hits you!
Casting: Shock (safe; 4% risk of failure)
Confirm with . or Enter, or press ? or * to list all spells.
Aiming: Shock (safe; 4% risk of failure)
Press: ? - help, Shift-Dir - straight line, f/p - Ijyb
Aim: Ijyb, wielding a +0 club, wearing a +0 scale mail of fire resistance and carrying a wand of flame (severely wounded, 64% to hit)
The zap hits Ijyb.
Ijyb is severely wounded.
Ijyb zaps a wand.
The puff of flame hits you!
* * * LOW HITPOINT WARNING * * *
You hit Ijyb. You claw Ijyb.
Ijyb is almost dead.
Ijyb zaps a wand.
The puff of flame hits you!
You die...

#[##.##.##.#
......##.#
#.##.#####.# # #
#.# .#.#####.# #
.........# .#
.####....###.##
#.......#$..#.##
##.......@g......
.........#...#...
.####...####.##
#...# .# ##### .
##


You could see Ijyb.

Vanquished Creatures
  2 adders
  5 dart slugs
  4 ball pythons (D:1)
  12 endoplasms
  4 giant cockroaches
  4 hobgoblins (D:1)
  5 jackals (D:1)
  4 quokkas
  6 bats
  2 frilled lizards
  5 kobolds
  3 rats (D:1)
56 creatures vanquished.

Notes
Turn   | Place    | Note
-------+----------+-------------------------------------------
     0 | D:1      | PaiMei the Tengu Air Elementalist began the quest for the
                  | Orb.
     0 | D:1      | Reached XP level 1. HP: 10/10 MP: 4/4
   393 | D:1      | Reached XP level 2. HP: 15/15 MP: 4/6
   952 | D:1      | Reached XP level 3. HP: 20/20 MP: 4/7
  1701 | D:1      | Reached skill level 1 in Fighting
  2003 | D:2      | Reached XP level 4. HP: 25/25 MP: 5/8
  2684 | D:2      | Found a shimmering altar of Xom.
  3140 | D:3      | Noticed Ijyb
  3152 | D:3      | HP: 1/25 [Ijyb/puff of flame (12)]
  3153 | D:3      | Killed from afar by Ijyb

Illustrated notes

Levels and vault maps discovered:
D:1:      grunt_arrival_lava_bath, layout_basic, minmay_heptomino_o4
D:2:      layout_loops_corners, basic_altar
D:3:      layout_loops_ring, mainiacjoe_overflow_paths, uniq_ijyb

Skill      XL: |  1  2  3  4 |
---------------+-------------+-----
Fighting       | 1 |  1.5
Dodging        | 3 |  3.1
Stealth        | |  2.1
Spellcasting   | |  2.6
Conjurations   | |  1.7
Air Magic      | |  4.8

Action                     |  1- 3 |  4- 6 || total
---------------------------+-------+-------++-------
  Melee: Unarmed           |    11 |       ||    11
         Kick              |     3 |     5 ||     8
         Short sword       |     3 |    11 ||    14
         Peck              |       |     3 ||     3
   Cast: Shock             |    83 |    43 ||   126
 Armour: Robe              |    19 |     7 ||    26
  Dodge: Dodged            |    31 |     9 ||    40
